Map: Ice and Chrome LE

Players

RiSky

  • Race: Zerg Zerg
  • Spawn Location: 7:00

Seither - Winner!

  • Race: Terran Terran
  • Spawn Location: 1:00

Event: DreamHack SC2 Masters 2020 Summer Oceania RoA

VOD

Have the link to the VOD?

Description

Time

  • Played on: June 26, 2020, 5:08 a.m.
  • Length: 12:09

All games in this series

Show
View Real Time Build Order
Export as new Build Order

RiSky Zerg 

Build Orders: Hatch First, Muta Ling Bane 

Get SALT Encoding   

  12  0:00  Drone  
  13  0:12  Overlord  
  13  0:18  Drone  
  14  0:31  Drone x2  
  16  0:47  Hatchery  
  15  0:50  Drone  
  15  0:55  Drone  
  17  0:58  Drone  
  18  1:09  Extractor  
  17  1:13  Spawning Pool  
  17  1:16  Drone  
  17  1:19  Drone  
  18  1:27  Drone  
  19  1:38  Drone  
  20  1:50  Overlord  
  20  2:00  Queen x2  
  24  2:04  Zergling x4  
  26  2:10  Drone x2  
  28  2:16  Metabolic Boost  
  28  2:21  Drone  
  28  2:22  Drone  
  30  2:34  Hatchery  
  28  2:40  Drone x2  
  30  2:46  Queen  
  30  2:50  Overlord  
  32  2:54  Drone x2  
  32  2:58  Drone  
  35  3:11  Drone  
  35  3:12  Overlord  
  36  3:13  Drone x3  
  36  3:15  Drone  
  40  3:24  Overlord  
  40  3:26  Drone  
  41  3:32  Drone  
  41  3:33  Queen  
  41  3:34  Queen  
  44  3:39  Drone  
  47  3:43  Drone  
  47  3:45  Queen  
  47  3:47  Drone  
  52  3:48  Zergling x2  
  52  3:54  Drone x2  
  54  3:56  Overlord  
  54  3:58  Drone x3  
  54  4:00  Drone x2  
  54  4:01  Drone  
  60  4:08  Drone  
  60  4:09  Overlord  
  61  4:13  Lair  
  61  4:14  Drone  
  62  4:17  Drone  
  62  4:19  Overlord  
  62  4:21  Drone  
  62  4:23  Queen  
  66  4:25  Overlord  
  66  4:29  Drone x2, Extractor  
  66  4:31  Zergling x4, Baneling Nest  
  68  4:33  Drone  
  68  4:34  Drone  
  68  4:35  Drone  
  71  4:39  Drone, Overlord  
  71  4:45  Drone  
  73  4:46  Drone x3  
  73  4:47  Drone  
  73  4:48  Extractor  
  73  4:49  Extractor x2  
  74  4:55  Drone x3  
  77  5:00  Zergling x4  
  77  5:03  Drone  
  77  5:04  Drone  
  77  5:07  Hatchery, Drone x3  
  80  5:09  Overlord  
  83  5:19  Overlord x2  
  83  5:20  Drone, Spire  
  83  5:28  Drone x4  
  85  5:29  Drone x3  
  85  5:31  Drone  
  85  5:34  Drone  
  92  5:36  Centrifical Hooks, Overlord  
  92  5:38  Drone  
  92  5:39  Drone  
  92  5:42  Overlord  
  94  5:44  Extractor, Zergling x4  
  95  5:53  Zergling x2  
  95  5:55  Zergling x8  
  100  5:59  Zergling x6  
  103  6:06  Zergling x10  
  103  6:10  Drone  
  108  6:17  Drone  
  108  6:18  Drone  
  108  6:19  Drone  
  108  6:23  Drone  
  108  6:24  Evolution Chamber, Drone  
  111  6:25  Overlord  
  111  6:26  Evolution Chamber  
  111  6:28  Drone  
  111  6:29  Baneling, Drone  
  111  6:30  Baneling x3  
  111  6:32  Overlord  
  112  6:33  Mutalisk x2  
  112  6:37  Zerg Flyer Weapons Level 1  
  112  6:38  Hatchery, Mutalisk  
  117  6:41  Mutalisk x4  
  117  6:44  Mutalisk  
  127  6:49  Zergling x2  
  127  6:50  Zergling x6  
  127  6:51  Baneling  
  127  6:52  Baneling x3  
  127  6:53  Zergling x10  
  136  6:59  Zergling x2  
  136  7:00  Zergling x2  
  138  7:05  Zerg Ground Armor Level 1  
  138  7:07  Overlord  
  138  7:08  Drone x3  
  141  7:09  Drone  
  141  7:10  Drone, Extractor  
  141  7:11  Overlord, Extractor  
  140  7:17  Hatchery  
  140  7:19  Drone x2  
  140  7:20  Drone  
  140  7:21  Drone  
  142  7:25  Zerg Melee Weapons Level 1, Overlord x2  
  142  7:26  Overseer  
  142  7:27  Overseer  
  142  7:28  Overlord  
  142  7:30  Zergling x4  
  142  7:31  Zergling x2  
  142  7:33  Baneling x4  
  142  7:36  Zergling x2  
  142  7:37  Zergling x4  
  148  7:40  Zergling x8  
  151  7:47  Zergling x4  
  151  7:50  Mutalisk x2  
  151  7:51  Mutalisk  
  155  7:56  Mutalisk  
  155  7:57  Mutalisk x2  
  162  7:59  Zergling x10  
  167  8:09  Infestation Pit, Zergling x16  
  174  8:15  Zergling x4  
  174  8:19  Pneumatized Carapace  
  176  8:20  Zergling x6  
  177  8:27  Zergling x10  
  179  8:35  Mutalisk x4  
  179  8:38  Zerg Flyer Weapons Level 2  
  179  8:39  Zergling x10  
  192  8:43  Overlord  
  192  8:45  Overlord  
  192  8:47  Baneling  
  192  8:48  Baneling x9  
  192  8:50  Zergling x4  
  192  8:55  Zergling x2  
  195  8:56  Overlord x2  
  195  8:57  Hive  
  195  9:07  Zergling x12  
  197  9:17  Zergling x4  
  197  9:23  Zerg Melee Weapons Level 2, Zerg Ground Armor Level 2  
  199  9:36  Baneling x2  
  199  9:37  Baneling x9  
  199  9:41  Zergling x8  
  199  9:50  Spore Crawler x2  
  199  9:51  Zergling x4  
  199  9:58  Hatchery  
  197  10:01  Zergling x2  
  197  10:02  Zergling x16  
  193  10:07  Mutalisk x3  
  193  10:10  Mutalisk  
  193  10:15  Zergling x32  
  174  10:22  Adrenal Glands  
  174  10:23  Zergling x22  
  174  10:26  Zergling x4  
  185  10:34  Ultralisk Cavern  
  184  10:36  Zergling x12  
  184  10:39  Baneling x17  
  184  10:41  Zergling x2  
  185  10:46  Queen x5  
  185  10:49  Zergling x2  
  189  10:50  Zergling x8  
  189  10:52  Zergling x8  
  148  10:57  Zergling x8  
  148  11:01  Baneling x28  
  150  11:04  Zergling x6  
  150  11:07  Overseer x2  
  153  11:11  Zergling x10  
  153  11:13  Zergling x2  
  157  11:23  Zergling x16  
  159  11:28  Zergling x6  
Show
View Real Time Build Order
Export as new Build Order

Seither Terran - Winner!

Build Orders: Reaper Expand 

Get SALT Encoding   

  12  0:00  SCV  
  13  0:13  SCV  
  14  0:17  Supply Depot  
  14  0:25  SCV  
  15  0:39  SCV  
  15  0:40  Barracks  
  16  0:45  Refinery  
  16  0:51  SCV  
  17  1:03  SCV  
  18  1:15  SCV  
  19  1:28  Reaper  
  19  1:29  Orbital Command  
  20  1:40  Command Center  
  20  1:50  Supply Depot  
  20  1:55  SCV  
  20  2:00  Marine  
  22  2:07  SCV  
  23  2:10  Factory  
  23  2:19  SCV  
  24  2:23  Barracks Reactor  
  24  2:31  SCV  
  25  2:42  Command Center  
  25  2:43  SCV  
  26  2:53  Orbital Command  
  26  2:55  SCV  
  27  3:03  Starport  
  27  3:07  SCV  
  27  3:11  Refinery  
  28  3:14  Hellion  
  28  3:18  Hellion  
  28  3:19  SCV  
  33  3:22  Barracks Tech Lab  
  33  3:24  SCV  
  34  3:34  SCV  
  34  3:36  SCV  
  34  3:38  Hellion  
  34  3:39  Hellion  
  40  3:42  Viking  
  40  3:48  Marine  
  43  3:49  SCV x2  
  43  3:54  Orbital Command  
  45  4:01  SCV  
  45  4:02  SCV  
  47  4:04  Supply Depot  
  47  4:08  Hellion x2  
  51  4:12  Stimpack  
  51  4:13  SCV  
  51  4:14  SCV  
  53  4:23  Orbital Command  
  53  4:26  SCV  
  54  4:31  Marine  
  54  4:36  SCV  
  54  4:37  Barracks  
  54  4:38  Supply Depot, SCV  
  57  4:39  Factory Reactor, Barracks  
  57  4:48  SCV  
  57  4:49  Marine  
  57  4:50  SCV  
  60  4:53  Engineering Bay  
  60  4:55  Refinery, Engineering Bay  
  60  4:57  SCV  
  61  5:00  Supply Depot, SCV  
  61  5:01  Supply Depot  
  62  5:08  Marine  
  62  5:09  Starport Reactor  
  62  5:13  SCV, Barracks  
  62  5:14  SCV, Barracks  
  65  5:21  Terran Infantry Weapons Level 1  
  65  5:22  Terran Infantry Armor Level 1  
  65  5:23  Refinery  
  65  5:25  SCV x2, Factory Tech Lab  
  67  5:30  Marine x3  
  70  5:39  SCV x3  
  70  5:42  Marine x2  
  75  5:45  Siege Tank, Supply Depot  
  75  5:48  Marine  
  79  5:51  Supply Depot, SCV x2, Medivac  
  79  5:52  Medivac  
  85  6:02  SCV  
  85  6:03  SCV  
  87  6:04  Marine  
  87  6:05  Marine x4, Barracks Reactor x2  
  87  6:09  Supply Depot  
  87  6:10  Supply Depot  
  92  6:12  SCV  
  92  6:14  SCV  
  92  6:15  Combat Shield, SCV  
  92  6:17  Siege Tank  
  98  6:22  Marine  
  98  6:23  Marine  
  98  6:24  SCV  
  101  6:27  SCV  
  102  6:33  Medivac x2  
  102  6:36  Barracks  
  102  6:38  Supply Depot, Barracks x2  
  106  6:40  Supply Depot  
  106  6:43  Refinery  
  106  6:44  Armory  
  106  6:48  Marine x4  
  106  6:49  Marine x2  
  112  6:54  Siege Tank  
  112  6:57  Supply Depot  
  112  6:58  Marine x3  
  118  7:03  Supply Depot  
  118  7:06  Marine x3, SCV x2  
  118  7:07  SCV  
  124  7:10  Medivac  
  124  7:12  Supply Depot  
  125  7:23  Marine x3  
  125  7:24  Marine  
  125  7:25  Marine x3  
  132  7:30  Marine x5  
  132  7:31  Terran Infantry Weapons Level 2, Terran Infantry Armor Level 2  
  132  7:35  Supply Depot x2  
  137  7:40  Missile Turret x2  
  137  7:41  Missile Turret  
  137  7:42  Marine  
  135  7:49  Marine x4  
  135  7:55  Marine x2  
  135  7:57  Marine x2  
  135  8:01  Missile Turret  
  131  8:08  Missile Turret  
  131  8:09  Marine x2  
  131  8:10  Missile Turret  
  132  8:13  Marine x3  
  132  8:15  Marine  
  136  8:23  Marine x3  
  136  8:24  Siege Tank  
  142  8:28  Medivac x2  
  146  8:34  Marine x2  
  146  8:39  Marine x2  
  146  8:40  Supply Depot  
  150  8:45  Marine x2  
  150  8:46  Marine  
  153  8:53  Marine x4  
  157  8:57  Marine x3  
  157  8:58  Medivac x2  
  157  9:02  Siege Tank  
  166  9:08  Marine x3  
  169  9:12  Marine x2  
  169  9:13  Supply Depot  
  171  9:21  Marine x3  
  171  9:22  Marine x2  
  176  9:24  Marine x2  
  176  9:25  Marine  
  176  9:27  Supply Depot x2  
  176  9:30  Medivac  
  181  9:34  Marine x3, Medivac  
  181  9:35  Siege Tank  
  189  9:48  Marine x6  
  195  9:53  Marine x3  
  198  10:00  Medivac  
  198  10:04  Medivac  
  198  10:06  Marine x4  
  198  10:07  Siege Tank, Marine x2  
  194  10:09  Marine x3  
  194  10:11  Marine  
  188  10:17  Marine x2  
  179  10:23  Engineering Bay  
  179  10:24  Marine  
  180  10:29  Marine x2  
  182  10:37  Marine x2  
  182  10:39  Siege Tank  
  182  10:41  Medivac x2  
  155  11:05  Marine x5  
  155  11:08  Marine x2  
  162  11:16  Marine x2  
  162  11:23  Marine  
  162  11:24  Marine  
  161  11:26  Marine x2  
  142  11:33  Marine  
  142  11:34  Marine x4  
  142  11:35  Marine  
  142  11:39  Marine x2  
Tags
 
Add a new tag
Caveats
  • Supply blocks, unpowered buildings, or Contaminate may cause inaccurate times.
  • Supply counts are checked every 10 seconds.